 Dungeon Crawl Stone Soup version 0.29.0-4-gdea44cf6ec (webtiles) character file.

Game seed: 12854787251977114705

37634 qw the Brawler (level 13, 0/111 HPs)
             Began as a Ghoul Fire Elementalist on Aug 29, 2022.
             Was a High Priest of Okawaru.
             Slain by a dire elephant (21 damage)
             ... on level 5 of the Lair of Beasts.
             The game lasted 00:12:22 (15905 turns).

qw the Brawler (Ghoul Fire Elementalist)           Turns: 15905, Time: 00:12:23

Health: 0/111      AC: 28    Str: 20    XL:     13   Next: 97%
Magic:  19/19      EV: 12    Int: 15    God:    Okawaru [*****.]
Gold:   818        SH: 23    Dex:  9    Spells: 14/15 levels left

rFire   . . .      SeeInvis +     - Unarmed
rCold   + . .      Faith    .   u - +0 tower shield of Impatience {Fly}
rNeg    + + +      Spirit   .   y - +5 chain mail of Beogh's Condemnation {*Corrode rElec rN++ Will+}
rPois   inf        Reflect  +   z - +3 crown of Dyrovepreva {rElec Int+2 SInv}
rElec   +          Harm     .   d - +0 cloak
rCorr   +          Rampage  .   m - +0 pair of gloves {Str+3}
Will    +++..                   q - +1 pair of boots of the Tired Spreadsheets {Will++ Regen+ rCorr Stlth-}
Stlth   ..........              v - amulet of the Endless Expanse {Reflect Int+3 SH+5}
HPRegen 0.00/turn               h - +4 ring of protection
MPRegen 0.16/turn               s - +4 ring of evasion

@: about to teleport, heroic, flying, inhibited regen
A: claws 1, cold resistance 1, negative energy resistance 3, inhibited
regeneration, torment resistance 2, devour on kill
a: Renounce Religion, Heroism, Finesse, Duel


You were on level 5 of the Lair of Beasts.
You worshipped Okawaru.
Okawaru was extremely pleased with you.
You visited 3 branches of the dungeon, and saw 14 of its levels.
You also visited: Sewer.

You collected 818 gold pieces.


Innate Abilities, Weirdness & Mutations

You are immune to poison.
You have sharp fingernails.
Your flesh is cold resistant. (rC+)
You are immune to negative energy. (rN+++)
You do not regenerate when monsters are visible.
You are immune to unholy pain and torment.
You thrive by killing the living.


   Skills:
 - Level 9.0(14.0) Fighting
 - Level 2.0(7.0) Throwing
 - Level 5.0(10.0) Armour
 - Level 2.1(7.1) Dodging
 - Level 2.1(7.1) Stealth
 - Level 12.1(17.1) Shields
 + Level 15.4(20.4) Unarmed Combat
 - Level 1.7 Spellcasting
 - Level 0.7 Conjurations
 - Level 2.4 Fire Magic
 - Level 10.0 Invocations


You had 14 spell levels left.
You knew the following spells:

 Your Spells              Type           Power      Damage    Failure   Level
a - Foxfire               Conj/Fire      24%        2x1d5     94%         1

Your spell library contained the following spells:

 Spells                   Type           Power      Damage    Failure   Level
 Scorch                   Fire           16%        2d5       95%         2
 Conjure Flame            Conj/Fire      6%         6-21      100%        3
 Inner Flame              Hex/Fire       4%         N/A       100%        3
 Flame Wave               Conj/Fire      6%         2d5       100%        4

Inventory:

Armour
 d - a +0 cloak (worn)
 m - a +0 pair of gloves of strength (worn)
 o - a +0 plate armour
 q - the +1 pair of boots of the Tired Spreadsheets (worn) {Will++ Regen+ rCorr Stlth-}
   (You acquired it on level 6 of the Dungeon)

   Regen:     It increases your rate of health regeneration.
   rCorr:     It protects you from acid and corrosion.
   Will:      It greatly increases your willpower.
   Stlth:     It makes you less stealthy.
 u - the +0 tower shield of Impatience (worn) {Fly}
   (You found it on level 7 of the Dungeon)

   Fly:       It grants you flight.
 y - the +5 chain mail of Beogh's Condemnation (worn) {*Corrode rElec rN++ Will+}
   (You found it on level 8 of the Dungeon)

   rElec:     It insulates you from electricity.
   rN:        It greatly protects you from negative energy.
   *Corrode:  It may corrode you when you take damage.
   Will:      It increases your willpower.
 z - the +3 crown of Dyrovepreva (worn) {rElec Int+2 SInv}
   (You found it on level 3 of the Lair of Beasts)

   Int:       It affects your intelligence (+2).
   rElec:     It insulates you from electricity.
   SInv:      It lets you see invisible.
Jewellery
 h - a +4 ring of protection (left hand)
 s - a +4 ring of evasion (right hand)
 t - the ring "Mawnuat" {Will+++ Dex-3 Slay+4 Stlth+}
   (You acquired it on level 6 of the Dungeon)

   [ring of slaying]

   Dex:       It affects your dexterity (-3).
   Slay:      It affects your accuracy & damage with ranged weapons and melee
   (+4).
   Will:      It greatly increases your willpower.
   Stlth:     It makes you more stealthy.
 v - the amulet of the Endless Expanse (around neck) {Reflect Int+3 SH+5}
   (You found it on level 3 of the Lair of Beasts)

   [amulet of reflection]

   It reflects blocked missile attacks.
   Int:       It affects your intelligence (+3).
   SH:        It affects your SH (+5).
Scrolls
 b - 2 scrolls of enchant weapon
 f - 3 scrolls of identify
 n - 3 scrolls of teleportation
 w - a scroll of brand weapon
Potions
 a - a potion of mutation
 c - 2 potions of resistance
 e - 3 potions of haste
 g - 3 potions of might
 k - 4 potions of heal wounds
 l - a potion of cancellation
 p - a potion of magic
 r - 4 potions of curing

Dungeon Overview and Level Annotations

Branches:
Dungeon (8/15)             Temple (1/1) D:4            Lair (5/5) D:8
 Shoals (0/4) Lair:3        Snake (0/4) Lair:3        Slime (0/5) Lair:4
  Sewer (visited)

Altars:
Ashenzari
Cheibriados
Dithmenos
Fedhas
Hepliaklqana
Kikubaaqudgha
Makhleb
Nemelex Xobeh
Okawaru
Qazlal
Ru
Sif Muna
Trog
Uskayaw
Vehumet
Wu Jian
Yredelemnul

Annotations:
D:6 1 runed translucent door, Crazy Yiuf
Lair:5 3 runed translucent doors, qw's ghost, journeyman TeWr


Message History

You pummel the dire elephant!!
The dire elephant is moderately wounded.
You block the dire elephant's attack. x2
You pummel the dire elephant!!
The dire elephant is heavily wounded.
You block the dire elephant's attack.
The dire elephant trunk-slaps you but does no damage.
The dire elephant barely misses you.
The dire elephant trunk-slaps you but does no damage.
You punch the dire elephant!
The dire elephant is heavily wounded.
You block the dire elephant's attack.
The dire elephant trunk-slaps you but does no damage.
You block the dire elephant's attack.
The dire elephant trunk-slaps you but does no damage.
The dire elephant barely misses you. You block the dire elephant's attack.
You hit the dire elephant but do no damage.
The dire elephant is heavily wounded.
You block the dire elephant's attack. x3
The dire elephant splashes around in the water.
The dire elephant misses you.
The dire elephant trunk-slaps you but does no damage.
You hit the dire elephant but do no damage.
The dire elephant is heavily wounded.
You block the dire elephant's attack. x2
You punch the dire elephant!
The dire elephant is severely wounded.
The dire elephant splashes around in the water.
The dire elephant trunk-slaps you but does no damage.
The dire elephant tramples you!
You hold your ground!
You block the dire elephant's attack.
15905 ||| READING 4 scrolls of teleportation.
As you read the scroll of teleportation, it crumbles to dust.
You feel strangely unstable. The dire elephant tramples you.
You hold your ground!
You block the dire elephant's attack.
The dire elephant splashes around in the water.
The dire elephant trunk-slaps you but does no damage.
The dire elephant tramples you!!
You die...

## ##.#.# ##
####..#.######## .###
##.P...#.8##8/|8#
...###......'..8#.$p.#
.....#...P..'.}.#....#
......#.#...'.P8#....#
........###.#.8##8..8#
........##P.#.####p'#
........##..#.##@~~~##
.........##.#.#YYY~~~#
.........P#.#.#~~~~~~#
............#.##~~~..#
............#..#~...##
............##.####'##
.........#..7#P..#8.8#
<...........P###.#...###
..#..........P##.##..#.#


You could see 3 dire elephants and a necromancer.

Vanquished Creatures
  Rupert (Lair:3)
  Gastronok (Lair:1)
  2 dire elephants (Lair:5)
  Harold (Lair:1)
  4 hydras
  A boulder beetle (Lair:4)
  A two-headed ogre (D:7)
  A spectral death yak (Lair:5)
  A spectral anaconda (Lair:5)
  A lindwurm (Lair:2)
  A deep elf pyromancer (D:7)
  4 oklob plants (Lair:3)
  A merfolk siren (Lair:3)
  A black mamba (Lair:4)
  13 elephants
  6 cane toads
  2 rime drakes
  A torpor snail (Lair:3)
  6 komodo dragons
  A queen bee (Lair:5)
  3 meliai
  3 merfolk (Lair:3)
  Grinder (D:3)
  A polar bear (Lair:4)
  A slime creature (D:7)
  9 blink frogs
  2 hornets
  A spectral elephant (Lair:5)
  7 dream sheep (Lair:4)
  A shadow (D:7)
  30 yaks
  A wyvern (Lair:3)
  3 basilisks (Lair:2)
  4 steam dragons
  Edmund (D:4)
  A death yak simulacrum (Lair:5)
  Menkaure (D:6)
  3 nagas (Lair:3)
  10 water moccasins
  2 orc warriors
  An ice beast (D:7)
  An elephant zombie (Lair:5)
  4 black bears
  4 ogres
  3 centaurs
  4 wolves
  An elephant skeleton (Lair:5)
  A phantom (D:6)
  3 kobold brigands (Sewer)
  A necrophage (D:7)
  3 scorpions
  8 bullfrogs
  2 cane toad simulacra (Lair:5)
  3 wights
  17 killer bees
  2 howler monkeys
  2 orc priests
  2 gnoll boudas
  2 hounds (D:6)
  Jessica (D:3)
  4 iguanas
  2 orc wizards
  Robin (D:3)
  7 adders
  7 gnolls (D:6)
  3 shadow imps
  A white imp (D:7)
  4 worms
  3 dart slugs
  12 orcs
  11 endoplasms
  6 giant cockroaches
  10 hobgoblins
  22 kobolds
  4 quokkas
  9 ball pythons
  6 bats
  8 frilled lizards
  13 goblins
  11 rats
344 creatures vanquished.

Vanquished Creatures (others)
  An unseen horror (shapeshifter) (D:7)
  16 fungi
  29 plants
  11 withered plants (Lair:5)
57 creatures vanquished.

Grand Total: 401 creatures vanquished

Notes
Turn   | Place    | Note
-------+----------+-------------------------------------------
     0 | D:1      | qw the Ghoul Fire Elementalist began the quest for the Orb.
     0 | D:1      | Reached XP level 1. HP: 14/14 MP: 2/2
     0 | D:1      | 0 ||| qw: Version: 0.1-a-90-g952f4b7
     0 | D:1      | 0 ||| qw: Game counter: 4098
     0 | D:1      | 0 ||| qw: Always use a shield: true
     0 | D:1      | 0 ||| qw: God list: Okawaru
     0 | D:1      | 0 ||| qw: Allow faded altars: false
     0 | D:1      | 0 ||| qw: Do Orc after D:15 true
     0 | D:1      | 0 ||| qw: Do second Lair branch before Depths: true
     0 | D:1      | 0 ||| qw: Lair rune preference: random
     0 | D:1      | 0 ||| qw: Plans: Normal
     0 | D:1      | 0 ||| PLANNING D:1-11
     6 | D:1      | 6 ||| DROPPING potion of magic.
     7 | D:1      | 7 ||| Stepping randomly (stuck).
     8 | D:1      | 8 ||| Stepping randomly (stuck).
     9 | D:1      | 9 ||| Stepping randomly (stuck).
    11 | D:1      | 11 ||| Stepping randomly (stuck).
    12 | D:1      | 12 ||| Stepping randomly (stuck).
    19 | D:1      | 19 ||| Stepping ~*~*~tactically~*~*~ (outnumbered).
    20 | D:1      | 20 ||| Stepping ~*~*~tactically~*~*~ (outnumbered).
    21 | D:1      | 21 ||| Stepping ~*~*~tactically~*~*~ (outnumbered).
    22 | D:1      | 22 ||| Stepping ~*~*~tactically~*~*~ (outnumbered).
    39 | D:1      | Reached skill level 1 in Unarmed Combat
   160 | D:1      | HP: 2/15 [quokka (2)]
   162 | D:1      | Reached skill level 1 in Fighting
   162 | D:1      | Reached XP level 2. HP: 6/23 MP: 3/3
   561 | D:1      | 561 ||| Stepping ~*~*~tactically~*~*~ (stealth).
   563 | D:1      | 563 ||| Stepping ~*~*~tactically~*~*~ (stealth).
   612 | D:1      | 612 ||| Stepping ~*~*~tactically~*~*~ (stealth).
   626 | D:1      | 626 ||| Stepping ~*~*~tactically~*~*~ (stealth).
   660 | D:1      | Reached skill level 2 in Unarmed Combat
   749 | D:1      | 749 ||| Stepping ~*~*~tactically~*~*~ (stealth).
   751 | D:1      | 751 ||| Stepping ~*~*~tactically~*~*~ (stealth).
   753 | D:1      | 753 ||| Stepping ~*~*~tactically~*~*~ (stealth).
   754 | D:1      | 754 ||| Stepping ~*~*~tactically~*~*~ (stealth).
   756 | D:1      | 756 ||| Stepping ~*~*~tactically~*~*~ (outnumbered).
   757 | D:1      | 757 ||| Stepping ~*~*~tactically~*~*~ (stealth).
   759 | D:1      | 759 ||| Stepping ~*~*~tactically~*~*~ (outnumbered).
   835 | D:1      | Reached XP level 3. HP: 27/28 MP: 4/4
  1193 | D:1      | 1193 ||| UPGRADING to +0 cloak.
  1198 | D:1      | 1198 ||| UPGRADING to +0 leather armour.
  1208 | D:1      | 1208 ||| DROPPING +0 robe.
  1209 | D:1      | 1209 ||| UPGRADING to amulet of the acrobat.
  1214 | D:1      | 1214 ||| READING 3 scrolls labelled MIGEAB GUOCWA.
  1215 | D:1      | 1215 ||| READING scroll labelled FACHIN RIOPICK.
  1216 | D:1      | 1216 ||| READING scroll labelled DUTTEITSIHEH.
  1217 | D:1      | 1217 ||| READING 2 scrolls of identify.
  1217 | D:1      | 1217 ||| IDENTIFYING fizzy amethyst potion
  1260 | D:2      | 1260 ||| Stepping ~*~*~tactically~*~*~ (hiding).
  1315 | D:2      | 1315 ||| Stepping ~*~*~tactically~*~*~ (stealth).
  1369 | D:2      | Reached skill level 3 in Unarmed Combat
  1762 | D:2      | 1762 ||| UPGRADING to +0 chain mail.
  1772 | D:2      | 1772 ||| DROPPING +0 leather armour.
  1773 | D:2      | 1773 ||| READING 2 scrolls labelled BEMYRI SEURI.
  1774 | D:2      | 1774 ||| READING scroll labelled GUCONW CIUNLIGH.
  1775 | D:2      | 1775 ||| DRINKING 2 cyan potions.
  1776 | D:2      | 1776 ||| READING 3 scrolls of identify.
  1776 | D:2      | 1776 ||| IDENTIFYING bubbling brown potion
  1777 | D:2      | 1777 ||| READING 2 scrolls of identify.
  1777 | D:2      | 1777 ||| IDENTIFYING smoky black potion
  1778 | D:2      | 1778 ||| DROPPING scroll of poison.
  1800 | D:3      | Reached XP level 4. HP: 35/35 MP: 5/5
  1865 | D:3      | 1865 ||| Stepping ~*~*~tactically~*~*~ (hiding).
  1869 | D:3      | Noticed Robin
  1871 | D:3      | 1871 ||| Stepping ~*~*~tactically~*~*~ (hiding).
  1880 | D:3      | Killed Robin
  1881 | D:3      | Reached skill level 1 in Armour
  1933 | D:3      | Noticed Grinder
  1935 | D:3      | Paralysed by Grinder for 4 turns
  1942 | D:3      | 1942 ||| Stepping ~*~*~tactically~*~*~ (hiding).
  1960 | D:3      | 1960 ||| FLEEEEING.
  1961 | D:3      | 1961 ||| Stepping ~*~*~tactically~*~*~ (hiding).
  1967 | D:3      | HP: 8/35 [Grinder (9)]
  1968 | D:3      | 1968 ||| DRINKING potion of heal wounds.
  1973 | D:3      | 1973 ||| FLEEEEING.
  1974 | D:3      | 1974 ||| FLEEEEING.
  1975 | D:3      | 1975 ||| FLEEEEING.
  1976 | D:3      | 1976 ||| FLEEEEING.
  1977 | D:3      | 1977 ||| FLEEEEING.
  1978 | D:3      | 1978 ||| FLEEEEING.
  1979 | D:3      | 1979 ||| FLEEEEING.
  1980 | D:3      | 1980 ||| FLEEEEING.
  1981 | D:3      | 1981 ||| FLEEEEING.
  1982 | D:3      | 1982 ||| FLEEEEING.
  1983 | D:3      | 1983 ||| FLEEEEING.
  1989 | D:3      | 1989 ||| FLEEEEING.
  1990 | D:3      | 1990 ||| FLEEEEING.
  1991 | D:3      | 1991 ||| FLEEEEING.
  1992 | D:3      | 1992 ||| FLEEEEING.
  1993 | D:3      | 1993 ||| STAIRDANCE
  2077 | D:2      | 2077 ||| UPGRADING to +1 helmet.
  2091 | D:3      | 2091 ||| Stepping ~*~*~tactically~*~*~ (hiding).
  2102 | D:3      | 2102 ||| Stepping ~*~*~tactically~*~*~ (hiding).
  2108 | D:3      | 2108 ||| Stepping ~*~*~tactically~*~*~ (hiding).
  2112 | D:3      | Paralysed by Grinder for 4 turns
  2118 | D:3      | Killed Grinder
  2119 | D:3      | Reached skill level 6 in Unarmed Combat
  2119 | D:3      | Reached XP level 5. HP: 13/40 MP: 6/6
  2119 | D:3      | Reached XP level 6. HP: 15/47 MP: 7/7
  2333 | D:3      | Noticed Jessica
  2352 | D:3      | Killed Jessica
  2643 | D:3      | Found a faded altar of an unknown god.
  2664 | D:3      | 2664 ||| Stepping ~*~*~tactically~*~*~ (hiding).
  2944 | D:3      | 2944 ||| Stepping ~*~*~tactically~*~*~ (hiding).
  3167 | D:3      | 3167 ||| DRINKING 2 dark potions.
  3168 | D:3      | 3168 ||| DRINKING 2 glowing grey potions.
  3169 | D:3      | 3169 ||| DROPPING potion of lignification.
  3196 | D:4      | 3196 ||| PLANNING OSSUARY
  3309 | D:4      | Reached skill level 3 in Fighting
  3309 | D:4      | Reached XP level 7. HP: 39/58 MP: 8/8
  3440 | D:4      | Found a sand-covered staircase.
  3441 | D:4      | 3441 ||| READING 2 scrolls labelled LEULIWOJUX.
  3449 | D:4      | 3449 ||| READING 2 scrolls of identify.
  3449 | D:4      | 3449 ||| IDENTIFYING sapphire potion
  3539 | D:4      | Noticed Edmund
  3548 | D:4      | 3548 ||| Stepping ~*~*~tactically~*~*~ (outnumbered).
  3549 | D:4      | 3549 ||| Stepping ~*~*~tactically~*~*~ (outnumbered).
  3550 | D:4      | 3550 ||| Stepping ~*~*~tactically~*~*~ (outnumbered).
  3551 | D:4      | 3551 ||| Stepping ~*~*~tactically~*~*~ (outnumbered).
  3552 | D:4      | 3552 ||| Stepping ~*~*~tactically~*~*~ (outnumbered).
  3553 | D:4      | 3553 ||| Stepping ~*~*~tactically~*~*~ (outnumbered).
  3554 | D:4      | 3554 ||| Stepping ~*~*~tactically~*~*~ (outnumbered).
  3557 | D:4      | 3557 ||| Stepping ~*~*~tactically~*~*~ (outnumbered).
  3572 | D:4      | Killed Edmund
  3573 | D:4      | Reached skill level 7 in Unarmed Combat
  3824 | D:4      | Reached skill level 1 in Throwing
  3980 | D:4      | 3980 ||| RIP OSSUARY
  4025 | D:4      | 4025 ||| PLANNING D:1-11
  4121 | D:4      | Found a staircase to the Ecumenical Temple.
  4122 | D:4      | 4122 ||| PLANNING TEMPLE
  4128 | Temple   | Entered the Ecumenical Temple
  4179 | Temple   | Became a worshipper of Warmaster Okawaru
  4301 | Temple   | 4301 ||| PLANNING D:1-11
  4590 | D:5      | Entered Level 5 of the Dungeon
  4954 | D:5      | 4954 ||| Stepping ~*~*~tactically~*~*~ (hiding).
  4961 | D:5      | 4961 ||| Stepping ~*~*~tactically~*~*~ (outnumbered).
  4973 | D:5      | Reached XP level 8. HP: 32/66 MP: 9/9
  5597 | D:5      | 5597 ||| READING scroll labelled YHUC MEEVELEISCH.
  5698 | D:5      | 5698 ||| READING scroll labelled JUNUHOI WOIG.
  5699 | D:5      | 5699 ||| READING 2 scrolls of identify.
  5699 | D:5      | 5699 ||| IDENTIFYING fuming blue potion
  5700 | D:5      | 5700 ||| DROPPING potion of invisibility.
  5747 | D:6      | 5747 ||| PLANNING SEWER
  5753 | D:6      | 5753 ||| Stepping ~*~*~tactically~*~*~ (outnumbered).
  5754 | D:6      | 5754 ||| Stepping ~*~*~tactically~*~*~ (outnumbered).
  5755 | D:6      | 5755 ||| STAIRDANCE
  5757 | D:5      | 5757 ||| Stepping ~*~*~tactically~*~*~ (outnumbered).
  5758 | D:5      | 5758 ||| Stepping ~*~*~tactically~*~*~ (outnumbered).
  5762 | D:5      | Reached skill level 8 in Unarmed Combat
  5781 | D:6      | 5781 ||| STAIRDANCE
  5783 | D:5      | 5783 ||| Stepping ~*~*~tactically~*~*~ (outnumbered).
  5784 | D:5      | 5784 ||| Stepping ~*~*~tactically~*~*~ (outnumbered).
  5829 | D:6      | 5829 ||| DRINKING potion of curing.
  5829 | D:6      | 5829 ||| (to cure confusion)
  5995 | D:6      | Noticed Menkaure
  6005 | D:6      | Killed Menkaure
  6006 | D:6      | Reached skill level 9 in Unarmed Combat
  6006 | D:6      | 6006 ||| FLEEEEING.
  6007 | D:6      | 6007 ||| FLEEEEING.
  6008 | D:6      | 6008 ||| FLEEEEING.
  6009 | D:6      | 6009 ||| FLEEEEING.
  6010 | D:6      | 6010 ||| FLEEEEING.
  6011 | D:6      | 6011 ||| FLEEEEING.
  6012 | D:6      | 6012 ||| FLEEEEING.
  6013 | D:6      | 6013 ||| FLEEEEING.
  6014 | D:6      | 6014 ||| FLEEEEING.
  6015 | D:6      | 6015 ||| FLEEEEING.
  6016 | D:6      | 6016 ||| FLEEEEING.
  6017 | D:6      | 6017 ||| FLEEEEING.
  6018 | D:6      | 6018 ||| FLEEEEING.
  6019 | D:6      | 6019 ||| FLEEEEING.
  6020 | D:6      | 6020 ||| FLEEEEING.
  6021 | D:6      | 6021 ||| FLEEEEING.
  6022 | D:6      | 6022 ||| FLEEEEING.
  6023 | D:6      | 6023 ||| FLEEEEING.
  6024 | D:6      | 6024 ||| FLEEEEING.
  6025 | D:6      | 6025 ||| STAIRDANCE
  6225 | D:5      | 6225 ||| DROPPING orb of light.
  6226 | D:5      | 6226 ||| UPGRADING to +4 ring of protection.
  6227 | D:5      | 6227 ||| READING scroll labelled XAROUL VOIBLATRYK.
  6306 | D:6      | Reached * piety under Okawaru
  6307 | D:6      | Found a glowing drain.
  6330 | Sewer    | Entered a sewer
  6435 | Sewer    | 6435 ||| INVOKING Heroism.
  6436 | Sewer    | 6436 ||| Stepping ~*~*~tactically~*~*~ (outnumbered).
  6444 | Sewer    | 6444 ||| Stepping ~*~*~tactically~*~*~ (outnumbered).
  6445 | Sewer    | 6445 ||| Stepping ~*~*~tactically~*~*~ (outnumbered).
  6447 | Sewer    | 6447 ||| Stepping ~*~*~tactically~*~*~ (outnumbered).
  6448 | Sewer    | 6448 ||| Stepping ~*~*~tactically~*~*~ (outnumbered).
  6572 | Sewer    | 6572 ||| INVOKING Heroism.
  6573 | Sewer    | 6573 ||| Stepping ~*~*~tactically~*~*~ (outnumbered).
  6574 | Sewer    | 6574 ||| Stepping ~*~*~tactically~*~*~ (outnumbered).
  6575 | Sewer    | 6575 ||| Stepping ~*~*~tactically~*~*~ (outnumbered).
  6577 | Sewer    | 6577 ||| Stepping ~*~*~tactically~*~*~ (outnumbered).
  6578 | Sewer    | 6578 ||| Stepping ~*~*~tactically~*~*~ (outnumbered).
  6579 | Sewer    | 6579 ||| Stepping ~*~*~tactically~*~*~ (outnumbered).
  6582 | Sewer    | Reached skill level 1 in Invocations
  6582 | Sewer    | 6582 ||| Stepping ~*~*~tactically~*~*~ (outnumbered).
  6650 | Sewer    | 6650 ||| Stepping ~*~*~tactically~*~*~ (water).
  6652 | Sewer    | 6652 ||| Stepping ~*~*~tactically~*~*~ (outnumbered).
  6692 | Sewer    | 6692 ||| READING scroll labelled AROUWO GYLEUK.
  6693 | Sewer    | 6693 ||| DRINKING 2 viscous pink potions.
  6701 | D:6      | 6701 ||| PLANNING D:1-11
  6777 | D:6      | 6777 ||| Stepping ~*~*~tactically~*~*~ (stealth).
  6790 | D:6      | 6790 ||| Stepping ~*~*~tactically~*~*~ (stealth).
  6795 | D:6      | 6795 ||| Stepping ~*~*~tactically~*~*~ (stealth).
  6804 | D:6      | 6804 ||| INVOKING Heroism.
  6813 | D:6      | Reached XP level 9. HP: 58/74 MP: 7/10
  6908 | D:6      | Found an ancient bone altar of Kikubaaqudgha.
  6930 | D:6      | 6930 ||| Stepping ~*~*~tactically~*~*~ (hiding).
  6943 | D:6      | Reached skill level 3 in Invocations
  6946 | D:6      | 6946 ||| INVOKING Heroism.
  6997 | D:6      | Found a runed translucent door.
  6998 | D:6      | Noticed Crazy Yiuf
  7184 | D:6      | 7184 ||| INVOKING Heroism.
  7188 | D:6      | 7188 ||| Stepping ~*~*~tactically~*~*~ (stealth).
  7298 | D:6      | 7298 ||| Stepping ~*~*~tactically~*~*~ (hiding).
  7299 | D:6      | 7299 ||| Stepping ~*~*~tactically~*~*~ (hiding).
  7702 | D:6      | 7702 ||| READING 2 scrolls labelled ALAINA UHIDU.
  7702 | D:6      | Identified 2 scrolls of acquirement
  7702 | D:6      | 7702 ||| ACQUIRING ring "Mawnuat" {Will+++ Dex-3 Slay+4
                  | Stlth+}
  7702 | D:6      | Acquired the ring "Mawnuat" {Will+++ Dex-3 Slay+4 Stlth+}
  7704 | D:6      | 7704 ||| UPGRADING to ring "Mawnuat" {Will+++ Dex-3 Slay+4
                  | Stlth+}.
  7705 | D:6      | 7705 ||| READING scroll of acquirement.
  7705 | D:6      | 7705 ||| ACQUIRING +1 pair of boots of the Tired
                  | Spreadsheets {Will++ Regen+ rCorr Stlth-}
  7705 | D:6      | Acquired the +1 pair of boots of the Tired Spreadsheets
                  | {Will++ Regen+ rCorr Stlth-}
  7707 | D:6      | 7707 ||| UPGRADING to +1 pair of boots of the Tired
                  | Spreadsheets {Will++ Regen+ rCorr Stlth-}.
  7736 | D:7      | 7736 ||| STAIRDANCE
  7791 | D:7      | 7791 ||| Stepping ~*~*~tactically~*~*~ (outnumbered).
  7792 | D:7      | 7792 ||| Stepping ~*~*~tactically~*~*~ (outnumbered).
  7794 | D:7      | Reached skill level 10 in Unarmed Combat
  7844 | D:7      | Noticed a hornet
  7851 | D:7      | 7851 ||| INVOKING Heroism.
  7857 | D:7      | Killed a hornet
  7857 | D:7      | Reached ** piety under Okawaru
  7858 | D:7      | Reached skill level 3 in Armour
  8066 | D:7      | 8066 ||| Stepping ~*~*~tactically~*~*~ (hiding).
  8069 | D:7      | 8069 ||| INVOKING Heroism.
  8088 | D:7      | 8088 ||| Stepping ~*~*~tactically~*~*~ (hiding).
  8094 | D:7      | 8094 ||| INVOKING Heroism.
  8120 | D:7      | Reached skill level 6 in Fighting
  8124 | D:7      | 8124 ||| INVOKING Heroism.
  8170 | D:7      | Noticed a deep elf pyromancer
  8170 | D:7      | Found the +8 autumn katana {vorpal, manifold assault}
  8170 | D:7      | Noticed an unseen horror
  8171 | D:7      | 8171 ||| Stepping ~*~*~tactically~*~*~ (hiding).
  8177 | D:7      | Killed an unseen horror
  8186 | D:7      | Killed a deep elf pyromancer
  8187 | D:7      | Reached skill level 11 in Unarmed Combat
  8209 | D:7      | Noticed a two-headed ogre
  8218 | D:7      | Identified the +0 tower shield of Impatience {Fly}
  8219 | D:7      | 8219 ||| INVOKING Heroism.
  8225 | D:7      | Killed a two-headed ogre
  8225 | D:7      | Reached *** piety under Okawaru
  8226 | D:7      | Reached skill level 12 in Unarmed Combat
  8226 | D:7      | Reached XP level 10. HP: 51/83 MP: 9/12
  8262 | D:7      | 8262 ||| UPGRADING to +0 plate armour.
  8267 | D:7      | 8267 ||| Stepping ~*~*~tactically~*~*~ (hiding).
  8304 | D:7      | 8304 ||| Stepping ~*~*~tactically~*~*~ (stealth).
  8305 | D:7      | 8305 ||| UPGRADING to +0 chain mail.
  8310 | D:7      | 8310 ||| UPGRADING to +0 plate armour.
  8320 | D:7      | 8320 ||| DROPPING +0 chain mail.
  8321 | D:7      | 8321 ||| UPGRADING to +0 tower shield of Impatience {Fly}.
  8335 | D:7      | Reached skill level 1 in Shields
  8349 | D:7      | 8349 ||| INVOKING Heroism.
  8386 | D:7      | 8386 ||| Stepping ~*~*~tactically~*~*~ (hiding).
  8387 | D:7      | 8387 ||| Stepping ~*~*~tactically~*~*~ (hiding).
  8736 | D:7      | Found an ornate altar of the Wu Jian Council.
  8737 | D:7      | Found a blossoming altar of Fedhas.
  8978 | D:7      | Found a radiant altar of Vehumet.
  8987 | D:7      | Reached skill level 3 in Shields
  9040 | D:7      | 9040 ||| Stepping ~*~*~tactically~*~*~ (cloud).
  9042 | D:7      | 9042 ||| INVOKING Heroism.
  9048 | D:7      | 9048 ||| Stepping ~*~*~tactically~*~*~ (cloud).
  9143 | D:7      | 9143 ||| DROPPING ring of magical power.
  9144 | D:7      | 9144 ||| READING 2 scrolls labelled CEJOSAE QOARR.
  9145 | D:7      | 9145 ||| READING scroll labelled OSMOTHRA JAIN.
  9146 | D:7      | 9146 ||| DROPPING scroll of fear.
  9190 | D:8      | Found a stormy altar of Qazlal.
  9200 | D:8      | 9200 ||| Stepping ~*~*~tactically~*~*~ (stealth).
  9201 | D:8      | 9201 ||| Stepping ~*~*~tactically~*~*~ (stealth).
  9309 | D:8      | 9309 ||| INVOKING Heroism.
  9354 | D:8      | 9354 ||| INVOKING Heroism.
  9396 | D:8      | 9396 ||| Stepping ~*~*~tactically~*~*~ (outnumbered).
  9411 | D:8      | Reached **** piety under Okawaru
  9456 | D:8      | 9456 ||| Stepping ~*~*~tactically~*~*~ (stealth).
  9457 | D:8      | 9457 ||| Stepping ~*~*~tactically~*~*~ (stealth).
  9563 | D:8      | Found a shadowy altar of Dithmenos.
  9680 | D:8      | 9680 ||| INVOKING Heroism.
  9797 | D:8      | Found a staircase to the Lair.
  9802 | D:8      | Identified the +5 chain mail of Beogh's Condemnation
                  | {*Corrode rElec rN++ Will+}
  9845 | D:8      | 9845 ||| PLANNING LAIR
  9845 | D:8      | 9845 ||| UPGRADING to +5 chain mail of Beogh's Condemnation
                  | {*Corrode rElec rN++ Will+}.
  9855 | D:8      | 9855 ||| UPGRADING to +6 ring of strength.
  9857 | D:8      | 9857 ||| DROPPING ring of resist corrosion.
  9873 | Lair:1   | Entered Level 1 of the Lair of Beasts
 10016 | Lair:1   | Noticed Gastronok
 10017 | Lair:1   | 10017 ||| INVOKING Heroism.
 10019 | Lair:1   | 10019 ||| Stepping ~*~*~tactically~*~*~ (hiding).
 10030 | Lair:1   | Killed Gastronok
 10030 | Lair:1   | Reached ***** piety under Okawaru
 10031 | Lair:1   | Reached skill level 6 in Shields
 10031 | Lair:1   | Reached skill level 6 in Invocations
 10031 | Lair:1   | Reached XP level 11. HP: 74/89 MP: 11/14
 10066 | Lair:1   | 10066 ||| Stepping ~*~*~tactically~*~*~ (stealth).
 10067 | Lair:1   | 10067 ||| Stepping ~*~*~tactically~*~*~ (stealth).
 10068 | Lair:1   | 10068 ||| INVOKING Heroism.
 10078 | Lair:1   | Received a gift from Okawaru
 10244 | Lair:1   | Noticed an eight-headed hydra
 10245 | Lair:1   | 10245 ||| INVOKING Heroism.
 10246 | Lair:1   | 10246 ||| INVOKING Finesse.
 10263 | Lair:1   | Killed an eight-headed hydra
 10303 | Lair:1   | Found a blossoming altar of Fedhas.
 10379 | Lair:1   | 10379 ||| INVOKING Heroism.
 10460 | Lair:1   | 10460 ||| INVOKING Heroism.
 10739 | Lair:1   | Noticed Harold
 10740 | Lair:1   | 10740 ||| INVOKING Heroism.
 10756 | Lair:1   | Killed Harold
 10921 | Lair:1   | 10921 ||| DROPPING amulet of magic regeneration.
 10922 | Lair:1   | 10922 ||| READING 5 scrolls of identify.
 10922 | Lair:1   | 10922 ||| IDENTIFYING purple potion
 10923 | Lair:1   | 10923 ||| READING 4 scrolls of identify.
 10923 | Lair:1   | 10923 ||| IDENTIFYING emerald potion
 10924 | Lair:1   | 10924 ||| DROPPING potion of brilliance.
 10925 | Lair:1   | 10925 ||| DROPPING potion of attraction.
 10949 | Lair:2   | 10949 ||| STAIRDANCE
 10961 | Lair:2   | 10961 ||| STAIRDANCE
 11102 | Lair:2   | Noticed a six-headed hydra
 11103 | Lair:2   | 11103 ||| Stepping ~*~*~tactically~*~*~ (stealth).
 11105 | Lair:2   | 11105 ||| Stepping ~*~*~tactically~*~*~ (stealth).
 11106 | Lair:2   | 11106 ||| Stepping ~*~*~tactically~*~*~ (stealth).
 11109 | Lair:2   | 11109 ||| INVOKING Heroism.
 11110 | Lair:2   | 11110 ||| INVOKING Finesse.
 11114 | Lair:2   | 11114 ||| Stepping ~*~*~tactically~*~*~ (stealth).
 11117 | Lair:2   | Killed a six-headed hydra
 11117 | Lair:2   | Received a gift from Okawaru
 11119 | Lair:2   | 11119 ||| Stepping ~*~*~tactically~*~*~ (stealth).
 11162 | Lair:2   | 11162 ||| Stepping ~*~*~tactically~*~*~ (hiding).
 11163 | Lair:2   | 11163 ||| Stepping ~*~*~tactically~*~*~ (hiding).
 11185 | Lair:2   | Reached skill level 9 in Invocations
 11200 | Lair:2   | 11200 ||| INVOKING Heroism.
 11267 | Lair:2   | Noticed a lindwurm
 11268 | Lair:2   | 11268 ||| Stepping ~*~*~tactically~*~*~ (hiding).
 11272 | Lair:2   | 11272 ||| INVOKING Heroism.
 11278 | Lair:2   | Killed a lindwurm
 11451 | Lair:2   | Reached skill level 9 in Shields
 11685 | Lair:2   | 11685 ||| INVOKING Heroism.
 11882 | Lair:2   | 11882 ||| UPGRADING to +0 pair of gloves of strength.
 11887 | Lair:2   | 11887 ||| READING 3 scrolls of identify.
 11887 | Lair:2   | 11887 ||| IDENTIFYING golden potion
 11888 | Lair:2   | 11888 ||| DROPPING potion of flight.
 11936 | Lair:3   | 11936 ||| Stepping ~*~*~tactically~*~*~ (stealth).
 11939 | Lair:3   | 11939 ||| Stepping ~*~*~tactically~*~*~ (stealth).
 11943 | Lair:3   | Reached XP level 12. HP: 96/96 MP: 18/18
 11945 | Lair:3   | 11945 ||| Stepping ~*~*~tactically~*~*~ (stealth).
 11946 | Lair:3   | 11946 ||| Stepping ~*~*~tactically~*~*~ (stealth).
 11948 | Lair:3   | 11948 ||| Stepping ~*~*~tactically~*~*~ (outnumbered).
 11949 | Lair:3   | 11949 ||| Stepping ~*~*~tactically~*~*~ (outnumbered).
 11950 | Lair:3   | 11950 ||| Stepping ~*~*~tactically~*~*~ (outnumbered).
 11956 | Lair:3   | 11956 ||| INVOKING Heroism.
 11959 | Lair:3   | 11959 ||| Stepping ~*~*~tactically~*~*~ (outnumbered).
 11960 | Lair:3   | 11960 ||| Stepping ~*~*~tactically~*~*~ (stealth).
 11965 | Lair:3   | 11965 ||| Stepping ~*~*~tactically~*~*~ (outnumbered).
 11984 | Lair:3   | 11984 ||| INVOKING Heroism.
 12048 | Lair:3   | 12048 ||| Stepping ~*~*~tactically~*~*~ (stealth).
 12050 | Lair:3   | 12050 ||| INVOKING Heroism.
 12054 | Lair:3   | 12054 ||| Stepping ~*~*~tactically~*~*~ (stealth).
 12149 | Lair:3   | 12149 ||| Stepping ~*~*~tactically~*~*~ (hiding).
 12150 | Lair:3   | 12150 ||| Stepping ~*~*~tactically~*~*~ (hiding).
 12154 | Lair:3   | 12154 ||| Stepping ~*~*~tactically~*~*~ (hiding).
 12177 | Lair:3   | Found a staircase to the Snake Pit.
 12310 | Lair:3   | 12310 ||| Stepping ~*~*~tactically~*~*~ (stealth).
 12315 | Lair:3   | 12315 ||| Stepping ~*~*~tactically~*~*~ (stealth).
 12319 | Lair:3   | 12319 ||| Stepping ~*~*~tactically~*~*~ (outnumbered).
 12327 | Lair:3   | 12327 ||| Stepping ~*~*~tactically~*~*~ (outnumbered).
 12328 | Lair:3   | 12328 ||| Stepping ~*~*~tactically~*~*~ (outnumbered).
 12330 | Lair:3   | 12330 ||| Stepping ~*~*~tactically~*~*~ (outnumbered).
 12332 | Lair:3   | 12332 ||| Stepping ~*~*~tactically~*~*~ (outnumbered).
 12334 | Lair:3   | 12334 ||| Stepping ~*~*~tactically~*~*~ (outnumbered).
 12335 | Lair:3   | 12335 ||| INVOKING Heroism.
 12336 | Lair:3   | 12336 ||| Stepping ~*~*~tactically~*~*~ (outnumbered).
 12337 | Lair:3   | 12337 ||| Stepping ~*~*~tactically~*~*~ (outnumbered).
 12396 | Lair:3   | 12396 ||| Stepping ~*~*~tactically~*~*~ (stealth).
 12401 | Lair:3   | 12401 ||| INVOKING Heroism.
 12406 | Lair:3   | 12406 ||| Stepping ~*~*~tactically~*~*~ (outnumbered).
 12413 | Lair:3   | Reached skill level 13 in Unarmed Combat
 12416 | Lair:3   | Received a gift from Okawaru
 12463 | Lair:3   | 12463 ||| INVOKING Heroism.
 12481 | Lair:3   | Found a staircase to the Shoals.
 12651 | Lair:3   | Noticed Rupert
 12652 | Lair:3   | 12652 ||| INVOKING Heroism.
 12653 | Lair:3   | 12653 ||| INVOKING Finesse.
 12671 | Lair:3   | Killed Rupert
 13088 | Lair:3   | Found the +3 crown of Dyrovepreva {rElec Int+2 SInv}
 13089 | Lair:3   | 13089 ||| INVOKING Heroism.
 13090 | Lair:3   | 13090 ||| INVOKING Finesse.
 13117 | Lair:3   | Identified the amulet of the Endless Expanse {Reflect Int+3
                  | SH+5}
 13126 | Lair:3   | Reached XP level 13. HP: 88/107 MP: 14/19
 13210 | Lair:3   | 13210 ||| Stepping ~*~*~tactically~*~*~ (stealth).
 13211 | Lair:3   | 13211 ||| Stepping ~*~*~tactically~*~*~ (stealth).
 13213 | Lair:3   | 13213 ||| Stepping ~*~*~tactically~*~*~ (hiding).
 13609 | Lair:3   | 13609 ||| UPGRADING to +3 crown of Dyrovepreva {rElec Int+2
                  | SInv}.
 13619 | Lair:3   | 13619 ||| DROPPING +1 helmet.
 13620 | Lair:3   | 13620 ||| UPGRADING to amulet of the Endless Expanse
                  | {Reflect Int+3 SH+5}.
 13630 | Lair:3   | 13630 ||| DROPPING amulet of the acrobat.
 13631 | Lair:3   | 13631 ||| UPGRADING to +4 ring of evasion.
 13633 | Lair:3   | 13633 ||| DROPPING +6 ring of strength.
 13634 | Lair:3   | 13634 ||| READING scroll labelled ARROAF ZAMURE.
 13666 | Lair:4   | 13666 ||| Stepping ~*~*~tactically~*~*~ (stealth).
 13668 | Lair:4   | 13668 ||| Stepping ~*~*~tactically~*~*~ (stealth).
 13670 | Lair:4   | 13670 ||| Stepping ~*~*~tactically~*~*~ (stealth).
 13671 | Lair:4   | 13671 ||| INVOKING Heroism.
 13680 | Lair:4   | 13680 ||| Stepping ~*~*~tactically~*~*~ (outnumbered).
 13749 | Lair:4   | 13749 ||| Stepping ~*~*~tactically~*~*~ (stealth).
 13750 | Lair:4   | 13750 ||| INVOKING Heroism.
 13757 | Lair:4   | Received a gift from Okawaru
 13766 | Lair:4   | 13766 ||| INVOKING Finesse.
 13774 | Lair:4   | 13774 ||| INVOKING Heroism.
 13779 | Lair:4   | Reached skill level 14 in Unarmed Combat
 13915 | Lair:4   | 13915 ||| INVOKING Heroism.
 14038 | Lair:4   | 14038 ||| INVOKING Heroism.
 14202 | Lair:4   | Found a staircase to the Slime Pits.
 14225 | Lair:4   | 14225 ||| Stepping ~*~*~tactically~*~*~ (stealth).
 14239 | Lair:4   | 14239 ||| INVOKING Heroism.
 14407 | Lair:4   | 14407 ||| INVOKING Heroism.
 14788 | Lair:4   | 14788 ||| INVOKING Heroism.
 14789 | Lair:4   | 14789 ||| INVOKING Finesse.
 14869 | Lair:5   | Entered Level 5 of the Lair of Beasts
 14877 | Lair:5   | 14877 ||| STAIRDANCE
 14960 | Lair:5   | Found a runed translucent gate.
 14960 | Lair:5   | Found a runed translucent gate.
 14965 | Lair:5   | Found a runed translucent gate.
 14966 | Lair:5   | Noticed qw's ghost (journeyman TeWr)
 14966 | Lair:5   | Noticed qw's ghost (journeyman TeWr)
 14966 | Lair:5   | Noticed qw's ghost (journeyman TeWr)
 14995 | Lair:5   | Identified the +10 quarterstaff of the Stopping Shrike
                  | {flame, rC+ Dex+4}
 15000 | Lair:5   | 15000 ||| Stepping ~*~*~tactically~*~*~ (stealth).
 15001 | Lair:5   | 15001 ||| INVOKING Heroism.
 15002 | Lair:5   | 15002 ||| INVOKING Finesse.
 15007 | Lair:5   | 15007 ||| Stepping ~*~*~tactically~*~*~ (stealth).
 15012 | Lair:5   | Received a gift from Okawaru
 15058 | Lair:5   | Reached skill level 15 in Unarmed Combat
 15061 | Lair:5   | 15061 ||| INVOKING Heroism.
 15064 | Lair:5   | 15064 ||| Stepping ~*~*~tactically~*~*~ (stealth).
 15080 | Lair:5   | 15080 ||| Stepping ~*~*~tactically~*~*~ (stealth).
 15086 | Lair:5   | 15086 ||| Stepping ~*~*~tactically~*~*~ (hiding).
 15087 | Lair:5   | 15087 ||| Stepping ~*~*~tactically~*~*~ (outnumbered).
 15150 | Lair:5   | 15150 ||| INVOKING Heroism.
 15179 | Lair:5   | 15179 ||| Stepping ~*~*~tactically~*~*~ (stealth).
 15191 | Lair:5   | 15191 ||| Stepping ~*~*~tactically~*~*~ (outnumbered).
 15192 | Lair:5   | 15192 ||| Stepping ~*~*~tactically~*~*~ (outnumbered).
 15193 | Lair:5   | 15193 ||| Stepping ~*~*~tactically~*~*~ (outnumbered).
 15194 | Lair:5   | 15194 ||| Stepping ~*~*~tactically~*~*~ (outnumbered).
 15195 | Lair:5   | 15195 ||| Stepping ~*~*~tactically~*~*~ (outnumbered).
 15196 | Lair:5   | 15196 ||| STAIRDANCE
 15198 | Lair:4   | 15198 ||| Stepping ~*~*~tactically~*~*~ (outnumbered).
 15210 | Lair:5   | 15210 ||| STAIRDANCE
 15212 | Lair:4   | 15212 ||| INVOKING Heroism.
 15213 | Lair:4   | 15213 ||| Stepping ~*~*~tactically~*~*~ (outnumbered).
 15214 | Lair:4   | 15214 ||| Stepping ~*~*~tactically~*~*~ (outnumbered).
 15217 | Lair:4   | 15217 ||| Stepping ~*~*~tactically~*~*~ (outnumbered).
 15231 | Lair:4   | Reached skill level 9 in Fighting
 15239 | Lair:5   | 15239 ||| STAIRDANCE
 15241 | Lair:4   | 15241 ||| INVOKING Heroism.
 15242 | Lair:4   | 15242 ||| Stepping ~*~*~tactically~*~*~ (outnumbered).
 15243 | Lair:4   | 15243 ||| Stepping ~*~*~tactically~*~*~ (outnumbered).
 15244 | Lair:4   | 15244 ||| Stepping ~*~*~tactically~*~*~ (outnumbered).
 15245 | Lair:4   | 15245 ||| Stepping ~*~*~tactically~*~*~ (outnumbered).
 15246 | Lair:4   | 15246 ||| Stepping ~*~*~tactically~*~*~ (outnumbered).
 15247 | Lair:4   | 15247 ||| Stepping ~*~*~tactically~*~*~ (outnumbered).
 15248 | Lair:4   | 15248 ||| Stepping ~*~*~tactically~*~*~ (outnumbered).
 15249 | Lair:4   | 15249 ||| Stepping ~*~*~tactically~*~*~ (outnumbered).
 15250 | Lair:4   | 15250 ||| Stepping ~*~*~tactically~*~*~ (outnumbered).
 15251 | Lair:4   | 15251 ||| Stepping ~*~*~tactically~*~*~ (outnumbered).
 15252 | Lair:4   | 15252 ||| Stepping ~*~*~tactically~*~*~ (outnumbered).
 15253 | Lair:4   | 15253 ||| Stepping ~*~*~tactically~*~*~ (outnumbered).
 15280 | Lair:5   | 15280 ||| STAIRDANCE
 15294 | Lair:5   | 15294 ||| STAIRDANCE
 15296 | Lair:4   | 15296 ||| Stepping ~*~*~tactically~*~*~ (outnumbered).
 15297 | Lair:4   | 15297 ||| Stepping ~*~*~tactically~*~*~ (outnumbered).
 15298 | Lair:4   | 15298 ||| Stepping ~*~*~tactically~*~*~ (outnumbered).
 15340 | Lair:5   | 15340 ||| STAIRDANCE
 15342 | Lair:4   | 15342 ||| INVOKING Heroism.
 15343 | Lair:4   | 15343 ||| Stepping ~*~*~tactically~*~*~ (outnumbered).
 15344 | Lair:4   | 15344 ||| Stepping ~*~*~tactically~*~*~ (outnumbered).
 15345 | Lair:4   | 15345 ||| Stepping ~*~*~tactically~*~*~ (outnumbered).
 15347 | Lair:4   | 15347 ||| Stepping ~*~*~tactically~*~*~ (outnumbered).
 15350 | Lair:4   | 15350 ||| Stepping ~*~*~tactically~*~*~ (outnumbered).
 15351 | Lair:4   | 15351 ||| Stepping ~*~*~tactically~*~*~ (outnumbered).
 15393 | Lair:5   | 15393 ||| INVOKING Heroism.
 15462 | Lair:5   | Noticed a dire elephant
 15462 | Lair:5   | Noticed a dire elephant
 15462 | Lair:5   | Noticed a dire elephant
 15462 | Lair:5   | Noticed a dire elephant
 15466 | Lair:5   | 15466 ||| Stepping ~*~*~tactically~*~*~ (outnumbered).
 15467 | Lair:5   | 15467 ||| Stepping ~*~*~tactically~*~*~ (outnumbered).
 15468 | Lair:5   | 15468 ||| Stepping ~*~*~tactically~*~*~ (outnumbered).
 15746 | Lair:5   | Noticed a dire elephant
 15747 | Lair:5   | 15747 ||| INVOKING Heroism.
 15757 | Lair:5   | Killed a dire elephant
 15758 | Lair:5   | Reached skill level 12 in Shields
 15786 | Lair:5   | 15786 ||| Stepping ~*~*~tactically~*~*~ (stealth).
 15814 | Lair:5   | 15814 ||| Stepping ~*~*~tactically~*~*~ (outnumbered).
 15815 | Lair:5   | 15815 ||| INVOKING Heroism.
 15816 | Lair:5   | 15816 ||| Stepping ~*~*~tactically~*~*~ (outnumbered).
 15817 | Lair:5   | 15817 ||| Stepping ~*~*~tactically~*~*~ (outnumbered).
 15848 | Lair:5   | Received a gift from Okawaru
 15881 | Lair:5   | 15881 ||| Stepping ~*~*~tactically~*~*~ (outnumbered).
 15882 | Lair:5   | 15882 ||| Stepping ~*~*~tactically~*~*~ (hiding).
 15883 | Lair:5   | 15883 ||| Stepping ~*~*~tactically~*~*~ (outnumbered).
 15890 | Lair:5   | 15890 ||| INVOKING Heroism.
 15896 | Lair:5   | Killed a dire elephant
 15897 | Lair:5   | 15897 ||| Stepping ~*~*~tactically~*~*~ (outnumbered).
 15904 | Lair:5   | HP: 27/111 [dire elephant (15)]
 15905 | Lair:5   | 15905 ||| READING 4 scrolls of teleportation.
 15905 | Lair:5   | Slain by a dire elephant

Levels and vault maps discovered:
D:1:      scummos_arrival_star, layout_loops_ring, minmay_unequal
D:2:      layout_rooms
D:3:      layout_basic, hellmonk_ecumenical_altar_arch_garden, uniq_grinder,
          uniq_robin, uniq_jessica
D:4:      layout_basic, minmay_temple_entry_enclosed_plants,
          nicolae_ossuary_entry_plus, kennysheep_generic_room_15, uniq_edmund
D:5:      layout_cave_pods
D:6:      layout_cave_pods, nicolae_overflow_crystal_walls,
          gup_sewer_entry_bubbles, small_statue_alley_b, kennysheep_nondescript,
          minmay_misc_feat_plants, minivault_19, uniq_menkaure,
          uniq_crazy_yiuf_cottage
D:7:      minmay_the_grid_four_pointed_star
          [minmay_the_grid_triangle_9x9_shrine,
          minmay_the_grid_triangle_9x9_steps,
          minmay_the_grid_triangle_9x9_warning,
          minmay_the_grid_triangle_9x9_sparse_checkered,
          minmay_the_grid_prize_diamond_cup], layout_basic,
          nicolae_vehumet_altar_sigil, gammafunk_temple_overflow_statue
D:8:      layout_basic, mainiacjoe_overflow_tiny_flanked,
          nicolae_dithmenos_through_a_glass_darkly,
          grunt_lair_entry_orc_guard_hut
Temple:   nicolae_temple_bog_church
Lair:1:   layout_cellular_growth, basic_altar, uniq_gastronok, uniq_harold
Lair:2:   layout_loops_ring
Lair:3:   minmay_lair_oklob_chamber, layout_layer_cave,
          elwin_shoals_entry_stream, minmay_snake_entry_guardpost_small,
          chequers_serial_rivers_marsh, uniq_rupert
Lair:4:   layout_small_grid, slime_entry_1
Lair:5:   due_jungle_book, layout_cave_shapes, gammafunk_ghost_cemetery,
          special_room [special_room_bee], uniq_nessos

Skill      XL: |  1  2  3  4  5  6  7  8  9 10 11 12 13 |
---------------+----------------------------------------+-----
Unarmed Combat | 1 2 3 6 7 9 12 13 15 | 15.4
Fighting       | 1 3 5 6 8 9 |  9.0
Armour         | 1 2 3 4 5 |  5.0
Throwing       | 1 2 |  2.0
Invocations    | 2 4 6 9 10 | 10.0
Shields        | 6 9 11 12 | 12.1
Dodging        | 2 |  2.1
Stealth        | |  2.1
Spellcasting   | |  1.7
Conjurations   | |  0.7
Fire Magic     | |  2.4

Action                   |  1- 3 |  4- 6 |  7- 9 | 10-12 | 13-15 || total
-------------------------+-------+-------+-------+-------+-------++-------
Melee: Unarmed           |   148 |   125 |   311 |   510 |   397 ||  1491
       Punch             |     4 |     3 |    16 |       |       ||    23
Throw: Javelin           |       |     4 |    24 |    12 |       ||    40
Invok: Heroism           |       |       |    10 |    23 |    18 ||    51
       Finesse           |       |       |       |     4 |     3 ||     7
  Use: Scroll            |     8 |       |     9 |     5 |     2 ||    24
       Potion            |     1 |     3 |     2 |       |       ||     6
Armor: Robe              |    15 |       |       |       |       ||    15
       Leather armour    |    14 |       |       |       |       ||    14
       Chain mail        |       |    53 |   167 |   148 |   131 ||   499
       Plate armour      |       |       |       |    75 |       ||    75
Dodge: Dodged            |    70 |    33 |   117 |    97 |    83 ||   400
Block: Tower shield      |       |       |       |   311 |   415 ||   726

Table legend:
 A = Non-vault XP
 B = Vault XP
 C = Vault XP percentage of total XP
 D = Non-vault monster count
 E = Vault monster count
 F = Vault count percentage of total count
                 A         B        C        D         E       F
            +---------+---------+-------+---------+---------+-------
      Total |   33157 |   20606 |  38.3 |     221 |     123 |  35.8
            +---------+---------+-------+---------+---------+-------
        D:1 |      43 |       3 |   6.5 |      28 |       3 |   9.7
        D:2 |      35 |       0 |   0.0 |      14 |       0 |   0.0
        D:3 |      53 |     362 |  87.2 |      17 |      13 |  43.3
        D:4 |     333 |     172 |  34.1 |      10 |       2 |  16.7
        D:5 |     441 |       0 |   0.0 |      13 |       0 |   0.0
        D:6 |     848 |     195 |  18.7 |      21 |       7 |  25.0
        D:7 |    1111 |    2558 |  69.7 |      10 |      14 |  58.3
        D:8 |    1192 |     651 |  35.3 |       9 |       6 |  40.0
     Lair:1 |    3482 |    2281 |  39.6 |      13 |       2 |  13.3
     Lair:2 |    4218 |       0 |   0.0 |      15 |       0 |   0.0
     Lair:3 |    7818 |    6706 |  46.2 |      24 |      14 |  36.8
     Lair:4 |   10891 |     283 |   2.5 |      39 |       1 |   2.5
     Lair:5 |    2692 |    7050 |  72.4 |       8 |      31 |  79.5
      Sewer |       0 |     345 | 100.0 |       0 |      30 | 100.0
            +---------+---------+-------+---------+---------+-------
